 Dungeon Sprint DCSS version 0.30.1-4-g462c640d31 (webtiles) character file.

Game seed: 13371768561183200553

26399 Heoruswealwe the Ninja (level 12, -17/71 HPs)
             Began as a Spriggan Artificer on Sept 6, 2023.
             Was an Initiate of Gozag.
             Killed from afar by Lom Lobon (32 damage)
             ... with a great icy blast
             ... in the Dungeon (Sprint I: "Red Sonja").
             The game lasted 01:19:00 (3472 turns).

Heoruswealwe the Ninja (Spriggan Artificer)         Turns: 3472, Time: 01:19:02

Health: -17/71     AC: 11    Str:  8    XL:     12   Next: 98%
Magic:  22/22      EV: 37    Int: 13    God:    Gozag
Gold:   1370       SH:  0    Dex: 20    Spells: 11/11 levels left

rFire   + + .        b - +5 dagger of the Thing {freeze, Contam Fragile rElec MP+9}
rCold   + + +        (no shield)
rNeg    . . .        c - +2 robe {rC+}
rPois   +            g - +2 hat
rElec   +            h - +2 cloak
rCorr   +            (gloves unavailable)
SInv    +            (boots unavailable)
Will    ++...        i - amulet of Nompod {rElec rC+ Regen+}
Stlth   +++++++++    k - ring of poison resistance
HPRegen 1.11/turn    j - ring of protection from fire
MPRegen 0.18/turn

%: no teleportation, clarity
@: lethally poisoned (-17 -> -21), silenced, resistant, flying (expiring),
slowed, quick
A: very small, no large weapons, unfitting armour, see invisible, speed 3,
hooves 1, iridescent scales 1, clarity
a: Renounce Religion


You were in the Dungeon.
You worshipped Gozag.
Gozag was most pleased with you.
You visited 1 branch You collected 12473 gold pieces.
You spent 7010 gold pieces at shops.
You donated 35 gold pieces to Zin.
You paid 4058 gold pieces to Gozag.

Inventory:

Hand Weapons
 a - a +0 rapier of draining
 b - the +5 dagger of the Thing (weapon) {freeze, Contam Fragile rElec MP+9}
   (You bought it in a shop in the Dungeon)

   rElec:     It insulates you from electricity.
   MP:        It affects your magic capacity (+9).
   Contam:    It causes magical contamination when unequipped.
   Fragile:   It will be destroyed if unequipped.
Armour
 c - a +2 robe of cold resistance (worn)
 g - a +2 hat (worn)
 h - a +2 cloak (worn)
Jewellery
 i - the amulet of Nompod (around neck) {rElec rC+ Regen+}
   (You bought it in a shop in the Dungeon)

   [amulet of regeneration]

   rC:        It protects you from cold.
   rElec:     It insulates you from electricity.
   Regen:     It increases your rate of health regeneration.
 j - a ring of protection from fire (right hand)
 k - a ring of poison resistance (left hand)
 q - a ring of positive energy
Wands
 d - a wand of charming (2)
 l - a wand of digging (3)
Scrolls
 e - 7 scrolls of identify
 r - a scroll of enchant armour
Potions
 o - 2 potions of cancellation
 t - 3 potions of mutation
Miscellaneous
 n - a condenser vane
 p - a lightning rod (4/4)


   Skills:
 + Level 11.8 Fighting
 + Level 15.0 Short Blades
 * Level 22.5 Dodging
 O Level 27 Stealth
 + Level 18.1 Evocations


You had 11 spell levels left.
You didn't know any spells.
Your spell library contained the following spells:

 Spells                   Type           Power      Damage    Failure   Level
 Momentum Strike          Conj/Tloc      0%         3d8       43%         2
 Scorch                   Fire           0%         2d5       43%         2
 Static Discharge         Conj/Air       0%         2-2/arc   43%         2
 Stone Arrow              Conj/Erth      0%         3d7       67%         3
 Airstrike                Air            0%         2d(0-16)  97%         4
 Flame Wave               Conj/Fire      0%         2d4       97%         4
 Manifold Assault         Tloc           0%         N/A       97%         4
 Summon Lightning Spire   Summ/Air       0%         N/A       97%         4
 Dispersal                Tloc           0%         N/A       100%        6
 Summon Cactus Giant      Summ           0%         N/A       100%        6
 Disjunction              Tloc           0%         N/A       100%        8


Dungeon Overview and Level Annotations

Branches:
Dungeon (1/1)

Altars:
Cheibriados
Dithmenos
Elyvilon
Fedhas
Gozag
Hepliaklqana
Kikubaaqudgha
Makhleb
Nemelex Xobeh
Okawaru
Qazlal
Ru
Sif Muna
Trog
Uskayaw
Vehumet
Wu Jian
Xom
Yredelemnul
Zin
The Shining One
Jiyva
Lugonu

Shops:
D *(:=::*?!*[[(*([((*[!?(*?*:

Annotations:
D Lom Lobon, Tiamat


Innate Abilities, Weirdness & Mutations

You are very small and have problems with some larger weapons.
You are too small for most types of armour.
You have supernaturally acute eyesight. (SInv)
You cover ground extremely quickly. (Speed+++)
You have large cloven feet.
You are partially covered in iridescent scales. (AC +2)
You possess an exceptional clarity of mind.


Message History

You feel protected.
The ball lightning explodes!
The blast of lightning engulfs the ball lightning.
The ball lightning completely resists.
The blast of lightning engulfs Lom Lobon.
Lom Lobon completely resists.
The blast of lightning engulfs the ball lightning.
The ball lightning completely resists.
The blast of lightning engulfs you. You resist.
Okay, then.
Okay, then.
As you read the scroll of silence, it crumbles to dust.
A profound silence engulfs you. The ice encasing you melts away.
Lom Lobon gestures.
A freezing vortex appears around Lom Lobon!
The ball lightning explodes!
The blast of lightning engulfs the ball lightning.
The ball lightning completely resists.
The blast of lightning engulfs Lom Lobon.
Lom Lobon completely resists.
The blast of lightning engulfs you! You resist.
There is an open door here.
The freezing vortex lifts you up.
You fly up into the air.
* * * LOW HITPOINT WARNING * * *
Really fly into that net trap?
Okay, then.
Really fly into that net trap?
You avoid being caught in a net.
You are engulfed in dark miasma.
You are poisoned.
You feel yourself slow down.
You feel very sick.
The deep elf master archer is engulfed in dark miasma.
The deep elf master archer is poisoned.
The deep elf master archer shoots an arrow.
The arrow closely misses you. Lom Lobon gestures at you.
Lom Lobon conjures a mighty blast of ice!
The great icy blast engulfs you!! You partially resist.
You die...
Your body crumbles into a pile of gold.

#.##'#°.#.°#.###.#.≈..#......}...
#§##=#°...°....#.###..#.....§.§..
+§####.........#.#.'..##.....§...
#§#.)'......####)#.##'##.........
#§#####...###....#.#~~~##........
+§#∩.[#####...####.#~~~~##.[!..[#
###!........###...,#~~~~~########
#(()....#####○○..####~~~~#~~~~~#.
#([....##○○°☼°○°@#..#'~~~'~~.~~+.
#)....##,○e§○°§§°#...##~~#~~~~~#~
#.....#^,○○§○°*○°#..).######'####
#######**##°°°°&°#....#~~≈≈≈≈≈≈≈≈
#≈≈≈≈≈≈≈≈d#§°°°°°#######~~~~≈≈≈≈≈
###########°°§°..☼)°#[)'...~~~~~~
#..0..+^,°^°.○§°°#.°').#........~
#######**########################


You could see Lom Lobon (vortex, unsilenced), a deep elf master archer
(poisoned) and a ball lightning (wandering).

Vanquished Creatures
  the Lernaean hydra (D)
  A golden dragon (D)
  A shadow dragon (D)
  A daeva (D)
  4 fire giants (D)
  A deep elf annihilator (D)
  A lorocyproca (D)
  A hydra (D)
  2 centaur warriors (D)
  Sonja (D)
  A deep troll (D)
  A lindwurm (D)
  2 oklob plants (D)
  8 shining eyes (D)
  2 merfolk sirens (D)
  2 gargoyles (D)
  2 kobold demonologists (D)
  7 unseen horrors (D)
  A meliai (D)
  A hellwing (D)
  4 hornets (D)
  A slime creature (D)
  A yak (D)
  Sigmund (D)
  13 hogs (D)
  A redback (D)
  7 floating eyes (D)
  An ogre (D)
  7 necrophages (D)
  8 jellies (D)
  Ijyb (D)
  A ballistomycete spore (D)
87 creatures vanquished.

Vanquished Creatures (collateral kills)
  A mummy priest (D)
  A demonic crawler (D)
  A redback (D)
3 creatures vanquished.

Vanquished Creatures (others)
  2 demonic crawlers (D)
  A hornet (D)
  2 ball lightnings (D)
  A ballistomycete spore (D)
6 creatures vanquished.

Grand Total: 96 creatures vanquished

Notes
Turn   | Place    | Note
-------+----------+-------------------------------------------
     0 | D        | Heoruswealwe the Spriggan Artificer began the quest for the
                  | Orb.
     0 | D        | Reached XP level 1. HP: 9/9 MP: 2/2
     1 | D        | Noticed Ijyb
     9 | D        | Killed Ijyb
    10 | D        | Reached skill level 9 in Stealth
    10 | D        | Reached XP level 2. HP: 14/14 MP: 3/3
    35 | D        | Noticed an ogre
    38 | D        | Killed an ogre
    39 | D        | Reached skill level 13 in Stealth
    39 | D        | Reached XP level 3. HP: 17/17 MP: 4/4
    39 | D        | Reached XP level 4. HP: 21/21 MP: 5/5
    47 | D        | Noticed Sigmund
    50 | D        | Killed Sigmund
    51 | D        | Reached skill level 18 in Stealth
    51 | D        | Reached XP level 5. HP: 25/25 MP: 6/6
    62 | D        | Found an ornate altar of the Wu Jian Council.
    62 | D        | Found a shimmering blue altar of Sif Muna.
    64 | D        | Found a radiant altar of Vehumet.
    69 | D        | Reached XP level 6. HP: 29/29 MP: 7/7
    98 | D        | Found Touxoawo's Jewellery Emporium.
    98 | D        | Found an ancient bone altar of Kikubaaqudgha.
    98 | D        | Found a hazy altar of Hepliaklqana.
    98 | D        | Found a stormy altar of Qazlal.
    98 | D        | Found a hide-covered altar of Uskayaw.
    98 | D        | Found a blossoming altar of Fedhas.
    98 | D        | Found a bloodstained altar of Trog.
    98 | D        | Found an iron altar of Okawaru.
    98 | D        | Found a basalt altar of Yredelemnul.
    98 | D        | Found a glowing golden altar of the Shining One.
    98 | D        | Found a snail-covered altar of Cheibriados.
    98 | D        | Found a sacrificial altar of Ru.
    98 | D        | Found a glowing silver altar of Zin.
    98 | D        | Found a shadowy altar of Dithmenos.
    98 | D        | Found a white marble altar of Elyvilon.
    98 | D        | Noticed a yak
    99 | D        | Found an opulent altar of Gozag.
   100 | D        | Killed a yak
   101 | D        | Reached skill level 21 in Stealth
   101 | D        | Found a sparkling altar of Nemelex Xobeh.
   106 | D        | Became a worshipper of Zin the Law-Giver
   106 | D        | Reached * piety under Zin
   106 | D        | Reached ** piety under Zin
   106 | D        | Reached *** piety under Zin
   106 | D        | Reached **** piety under Zin
   106 | D        | Reached ***** piety under Zin
   106 | D        | Reached ****** piety under Zin
   115 | D        | Noticed Sonja
   119 | D        | Killed Sonja
   120 | D        | Reached skill level 25 in Stealth
   120 | D        | Reached XP level 7. HP: 32/32 MP: 8/8
   133 | D        | Found Ufuof's General Store.
   141 | D        | Bought a wand of digging (3) for 138 gold pieces
   144 | D        | Noticed a shining eye
   144 | D        | Noticed a shining eye
   144 | D        | Noticed a shining eye
   144 | D        | Noticed a shining eye
   144 | D        | Noticed a shining eye
   144 | D        | Noticed a shining eye
   147 | D        | Reached skill level 1 in Fighting
   147 | D        | Reached skill level 1 in Short Blades
   147 | D        | Reached XP level 8. HP: 37/37 MP: 9/9
   147 | D        | Noticed a shining eye
   147 | D        | Noticed a shining eye
   148 | D        | Paralysed by a floating eye for 3 turns
   152 | D        | Killed a shining eye
   153 | D        | Reached skill level 5 in Dodging
   153 | D        | Reached skill level 5 in Evocations
   154 | D        | Killed a shining eye
   156 | D        | Paralysed by a floating eye for 2 turns
   159 | D        | Killed a shining eye
   160 | D        | Reached skill level 5 in Short Blades
   160 | D        | Reached XP level 9. HP: 45/45 MP: 10/10
   166 | D        | Killed a shining eye
   166 | D        | Paralysed by a floating eye for 4 turns
   167 | D        | Reached skill level 26 in Stealth
   176 | D        | Paralysed by a floating eye for 2 turns
   177 | D        | Reached skill level 5 in Fighting
   186 | D        | Paralysed by a floating eye for 3 turns
   230 | D        | Killed a shining eye
   261 | D        | Killed a shining eye
   303 | D        | Killed a shining eye
   304 | D        | Reached skill level 10 in Dodging
   304 | D        | Reached skill level 10 in Evocations
   304 | D        | Reached XP level 10. HP: 53/53 MP: 11/11
   346 | D        | Killed a shining eye
   374 | D        | Fell from the grace of Zin
   374 | D        | Became a worshipper of Gozag Ym Sagoz the Greedy
   382 | D        | Noticed a deep troll
   409 | D        | Killed a deep troll
   410 | D        | Reached skill level 27 in Stealth
   435 | D        | Found Nedduih's Armour Emporium.
   592 | D        | Found Niacleg's Antique Weapon Shoppe.
   592 | D        | Found Ympelail's Book Shop.
   592 | D        | Found Cegicw's Book Emporium.
   592 | D        | Found Onaokk's Book Boutique.
   596 | D        | Bought a rapier for 96 gold pieces
   650 | D        | Bought a +2 robe of cold resistance for 247 gold pieces
   669 | D        | Noticed a centaur warrior
   670 | D        | Noticed a centaur warrior
   673 | D        | Killed a centaur warrior
   675 | D        | Killed a centaur warrior
   711 | D        | Noticed an oklob plant
   713 | D        | Killed an oklob plant
   787 | D        | Reached skill level 10 in Short Blades
   807 | D        | Reached XP level 11. HP: 50/60 MP: 12/12
   897 | D        | Identified the +5 ring mail of Midwinter {+Blink Dex+3}
   915 | D        | Found Mettaz's Antique Weapon Boutique.
   915 | D        | Found Ticwohug's Distillery.
   915 | D        | Found Ritufay's Assorted Antiques.
   917 | D        | Found Pesizimn's Antique Weapon Boutique.
   917 | D        | Found Mouzoeco's Armour Shoppe.
   917 | D        | Found Beruu's Antique Weapon Shop.
   917 | D        | Found Duecisk's General Store.
   917 | D        | Found Yteihymm's Antique Weapon Boutique.
   917 | D        | Found Orixt's Antique Armour Shoppe.
   917 | D        | Found Xottiawa's Armour Shop.
   920 | D        | Bought a masterwork short sword for 248 gold pieces
   920 | D        | Identified the +0 short sword of Keasmum {freeze, Str+2}
                  | (You bought it in a shop in the Dungeon)
   921 | D        | Bought a potion of haste for 250 gold pieces
   921 | D        | Bought a small lapis lazuli amulet for 125 gold pieces
   921 | D        | Bought a murky brown potion for 22 gold pieces
   921 | D        | Bought a scroll labelled VETZUO MAUDELO for 25 gold pieces
   921 | D        | Bought a scroll labelled LOHOAG DIM for 25 gold pieces
   921 | D        | Found Wousideck's General Store.
   922 | D        | Found Nopoed's Distillery.
   922 | D        | Found Egrijemp's Magic Scroll Shoppe.
   923 | D        | Bought a +0 hat for 44 gold pieces
   923 | D        | Bought a +0 cloak for 49 gold pieces
   923 | D        | Found Urphovila's General Store.
   938 | D        | Bought a scroll of identify for 26 gold pieces
   938 | D        | Bought a scroll of identify for 26 gold pieces
   938 | D        | Bought a scroll of identify for 26 gold pieces
   938 | D        | Bought a scroll of identify for 26 gold pieces
   938 | D        | Bought a scroll of identify for 26 gold pieces
   938 | D        | Bought a scroll of identify for 26 gold pieces
   938 | D        | Bought a scroll of identify for 26 gold pieces
   964 | D        | Bought a scroll of enchant armour for 75 gold pieces
   964 | D        | Bought a potion of cancellation for 80 gold pieces
   964 | D        | Bought a potion of attraction for 30 gold pieces
   965 | D        | Bought a scroll of immolation for 52 gold pieces
   966 | D        | Bought a potion of curing for 42 gold pieces
   966 | D        | Bought a potion of degeneration for 14 gold pieces
   966 | D        | Bought a potion of mutation for 112 gold pieces
   966 | D        | Bought a potion of heal wounds for 70 gold pieces
   966 | D        | Bought a potion of mutation for 112 gold pieces
   966 | D        | Bought 2 potions of might for 112 gold pieces
   966 | D        | Bought a potion of lignification for 42 gold pieces
   967 | D        | Bought a scroll of silence for 133 gold pieces
   967 | D        | Bought 2 potions of haste for 280 gold pieces
   967 | D        | Bought a scroll of blinking for 105 gold pieces
   971 | D        | Bought a scroll of fear for 40 gold pieces
   971 | D        | Bought a scroll of magic mapping for 75 gold pieces
   971 | D        | Bought a scroll of fog for 40 gold pieces
   977 | D        | Bought 2 potions of mutation for 176 gold pieces
   977 | D        | Bought a potion of mutation for 88 gold pieces
   977 | D        | Bought a potion of mutation for 88 gold pieces
   977 | D        | Bought a potion of invisibility for 88 gold pieces
   977 | D        | Bought a potion of curing for 33 gold pieces
   977 | D        | Bought a potion of resistance for 110 gold pieces
   977 | D        | Bought 2 potions of brilliance for 88 gold pieces
  1006 | D        | Bought a scroll of enchant armour for 82 gold pieces
  1043 | D        | Gained mutation: You occasionally shout uncontrollably at
                  | your foes. [potion of mutation]
  1043 | D        | Gained mutation: You are partially covered in iridescent
                  | scales. (AC +2) [potion of mutation]
  1043 | D        | Gained mutation: You possess an exceptional clarity of
                  | mind. [potion of mutation]
  1044 | D        | Lost mutation: You occasionally shout uncontrollably at
                  | your foes. [potion of mutation]
  1044 | D        | Lost mutation: You are partially covered in iridescent
                  | scales. (AC +2) [potion of mutation]
  1044 | D        | Lost mutation: You possess an exceptional clarity of mind.
                  | [potion of mutation]
  1044 | D        | Gained mutation: You have hidden genetic defects. [potion
                  | of mutation]
  1044 | D        | Gained mutation: Your flesh is heat resistant. (rF+)
                  | [potion of mutation]
  1083 | D        | Found a burning altar of Makhleb.
  1083 | D        | Found a viscous altar of Jiyva.
  1083 | D        | Found a shimmering altar of Xom.
  1083 | D        | Found a corrupted altar of Lugonu.
  1132 | D        | Reached skill level 15 in Dodging
  1470 | D        | Bought a ring of protection from fire for 350 gold pieces
  1470 | D        | Bought a ring of poison resistance for 280 gold pieces
  1533 | D        | Noticed a lindwurm
  1535 | D        | Killed a lindwurm
  1567 | D        | Gained mutation: Your spells are a little easier to cast,
                  | but a little less powerful. [hidden defects]
  1770 | D        | Bought the amulet of Nompod {rElec rC+ Regen+} for 714 gold
                  | pieces
  1821 | D        | Noticed a 12-headed hydra
  1823 | D        | Killed a 12-headed hydra
  1903 | D        | Bought a scroll labelled AMOOCSAFODGH for 27 gold pieces
  1903 | D        | Bought a scroll of blinking for 202 gold pieces
  1903 | D        | Bought a scroll of enchant armour for 202 gold pieces
  1922 | D        | Noticed a shadow dragon
  1922 | D        | Noticed a golden dragon
  1952 | D        | Killed a golden dragon
  1953 | D        | Reached skill level 15 in Evocations
  1981 | D        | Killed a shadow dragon
  1997 | D        | Gained mutation: You occasionally lose the ability to read
                  | scrolls when taking damage. [hidden defects]
  1997 | D        | Lost mutation: You have hidden genetic defects. [hidden
                  | defects expressed]
  2054 | D        | Found Qutyhayj's Book Shoppe.
  2106 | D        | Bought a lightning rod (4/4) for 810 gold pieces
  2106 | D        | Bought a shiny granite ring for 135 gold pieces
  2133 | D        | Lost mutation: Your spells are a little easier to cast, but
                  | a little less powerful. [potion of mutation]
  2133 | D        | Lost mutation: You occasionally lose the ability to read
                  | scrolls when taking damage. [potion of mutation]
  2133 | D        | Lost mutation: Your flesh is heat resistant. (rF+) [potion
                  | of mutation]
  2133 | D        | Gained mutation: You are partially covered in iridescent
                  | scales. (AC +2) [potion of mutation]
  2133 | D        | Gained mutation: You have large cloven feet. [potion of
                  | mutation]
  2133 | D        | Gained mutation: You possess an exceptional clarity of
                  | mind. [potion of mutation]
  2141 | D        | Reached skill level 10 in Fighting
  2164 | D        | Noticed a lorocyproca
  2166 | D        | Killed a lorocyproca
  2167 | D        | Reached XP level 12. HP: 67/67 MP: 13/13
  2335 | D        | Bought a scroll of identify for 24 gold pieces
  2370 | D        | Noticed a daeva
  2438 | D        | Noticed a fire giant
  2440 | D        | Noticed a fire giant
  2441 | D        | Noticed a fire giant
  2453 | D        | Noticed a fire giant
  2468 | D        | Killed a fire giant
  2482 | D        | Killed a fire giant
  2501 | D        | Killed a fire giant
  2506 | D        | Killed a fire giant
  2539 | D        | Found the +4 dragonskin cloak
  2539 | D        | Noticed Tiamat
  2572 | D        | Bought a translucent dagger for 175 gold pieces
  2572 | D        | Identified the +5 dagger of the Thing {freeze, Contam
                  | Fragile rElec MP+9} (You bought it in a shop in the
                  | Dungeon)
  2619 | D        | Killed a daeva
  2644 | D        | Identified the +10 broad axe "Wulluu" {antimagic, +Blink
                  | rPois rN+ Will+}
  2752 | D        | Noticed a deep elf annihilator
  2808 | D        | Bought a scroll of identify for 58 gold pieces
  2834 | D        | Noticed a mummy priest
  2867 | D        | Identified the +0 chain mail of Ibora {rN+ rCorr}
  2885 | D        | Killed a deep elf annihilator
  3057 | D        | Killed a mummy priest
  3110 | D        | Noticed the 27-headed Lernaean hydra
  3152 | D        | Noticed a deep elf master archer
  3167 | D        | Killed the 27-headed Lernaean hydra
  3306 | D        | Identified the amulet "Qiumu" {Faith rPois Will+ Int+2
                  | Dex-4}
  3370 | D        | Bought a scroll of blinking for 127 gold pieces
  3370 | D        | Bought a scroll of enchant armour for 127 gold pieces
  3370 | D        | Bought a scroll of identify for 34 gold pieces
  3370 | D        | Bought a scroll of blinking for 127 gold pieces
  3396 | D        | Reached skill level 15 in Short Blades
  3462 | D        | Got the Verses on Iron Forces
  3464 | D        | Noticed Lom Lobon
  3465 | D        | Identified the +9 arbalest "Gicik" {freeze, Dex+2}
  3472 | D        | Killed from afar by Lom Lobon

Illustrated notes

Levels and vault maps discovered:
D:        dungeon_sprint_1 [red_sonja_temple_1, red_sonja_temple_small_1]

Skill      XL: |  1  2  3  4  5  6  7  8  9 10 11 12 |
---------------+-------------------------------------+-----
Stealth        | 9 13 18 25 26 27 | 27.0
Fighting       | 1 4 6 8 10 11 | 11.8
Short Blades   | 1 5 7 10 12 15 | 15.0
Dodging        | 7 10 14 19 22 | 22.5
Evocations     | 7 10 12 15 18 | 18.1

Action                     |  1- 3 |  4- 6 |  7- 9 | 10-12 || total
---------------------------+-------+-------+-------+-------++-------
  Melee: Dagger            |     1 |     4 |   117 |   220 ||   342
         Punch             |       |       |     2 |    12 ||    14
         Rapier            |       |       |       |   315 ||   315
         Kick              |       |       |       |   120 ||   120
 Invoke: Call Merchant     |       |       |       |     5 ||     5
  Evoke: Wand              |     4 |       |       |    34 ||    38
    Use: Scroll            |       |       |       |    18 ||    18
         Potion            |       |       |       |    23 ||    23
   Stab: Sleeping          |     1 |     4 |     6 |    20 ||    31
         Distracted        |       |       |       |     5 ||     5
         Invisible         |       |       |       |     2 ||     2
 Armour: Robe              |       |       |       |    35 ||    35
  Dodge: Dodged            |       |       |       |   348 ||   348
